 Dungeon Crawl Stone Soup version 0.19-a0-585-ge40200b (webtiles) character file.

23175 Skanax the Carver (level 12, -7/113 HPs)
             Began as a Minotaur Berserker on June 9, 2016.
             Was a High Priest of Trog.
             Splashed by an oklob plant's acid (8 damage)
             ... on level 4 of the Lair of Beasts.
             The game lasted 01:21:41 (13467 turns).

Skanax the Carver (Minotaur Berserker)             Turns: 13467, Time: 01:21:43

Health: -7/113     AC:  6    Str: 30    XL:     12   Next: 69%
Magic:  11/11      EV: 13    Int:  7    God:    Trog [*****.]
Gold:   936        SH:  0    Dex: 11    Spells: 0 memorised, 11 levels left

rFire  . . .     SeeInvis .     J - +5 scimitar (drain)
rCold  + . .     Gourm    .     p - +2 chain mail
rNeg   . . .     Faith    +     (no shield)
rPois  .         Spirit   .     (helmet restricted)
rElec  .         Dismiss  .     h - +1 cloak
rCorr  .         Reflect  .     (no gloves)
SustAt .         Harm     .     I - +0 pair of boots
MR     ++...                    q - amulet of faith
Stlth  ..........               W - ring of Ilosorr {+Fly rC+ Int+3}
                                k - +4 ring of strength

@: corroded, regenerating, very resistant to hostile enchantments, extremely
unstealthy
A: retaliatory headbutt, horns 2
a: Berserk, Trog's Hand, Brothers in Arms, Burn Spellbooks, Renounce Religion,
Evoke Flight


You were on level 4 of the Lair of Beasts.
You worshipped Trog.
Trog was extremely pleased with you.
You were hungry.

You visited 2 branches of the dungeon, and saw 14 of its levels.
You also visited: Sewer and Volcano.

You collected 936 gold pieces.

Inventory:

Hand Weapons
 b - a +1 antimagic great sword
 J - a +5 scimitar of draining (weapon)
Missiles
 M - 2 tomahawks of returning (quivered)
 S - 2 javelins of penetration
Armour
 h - a +1 cloak (worn)
 p - a +2 chain mail (worn)
 I - a +0 pair of boots (worn)
Jewellery
 k - a +4 ring of strength (left hand)
 q - an amulet of faith (around neck)
 y - a +3 ring of protection
 W - the ring of Ilosorr (right hand) {+Fly rC+ Int+3}
   (You found it on level 1 of the Lair of Beasts)

   [ring of protection from cold]

   It affects your intelligence (+3).
   It protects you from cold.
   It lets you fly.
Wands
 r - a wand of acid (4/15)
 t - a wand of enslavement (22/24)
 G - a wand of polymorph (3/24)
 K - a wand of iceblast (9/15)
 O - a wand of acid (12/15)
 Q - a wand of flame (38/48)
 R - a wand of lightning (6/15)
 Y - a wand of iceblast (4/15)
Scrolls
 e - 5 scrolls of remove curse
 f - 2 scrolls of recharging
 i - 14 scrolls of identify
 j - 4 scrolls of blinking
 l - a scroll of torment
 A - 2 scrolls of teleportation
 E - a scroll of fog
 H - a scroll of noise
 U - a scroll of silence
Potions
 a - a potion of might
 g - 2 potions of magic
 w - a potion of brilliance
 B - a potion of ambrosia
 F - a potion of haste
 N - a potion of resistance
 T - 2 potions of flight
 V - 3 potions of berserk rage
 X - a potion of mutation
Comestibles
 c - 7 bread rations
 d - 16 fruits
 m - 2 royal jellies
 u - 3 slices of pizza
 v - 4 meat rations
 D - 2 beef jerkies


   Skills:
 + Level 12.4 Fighting
 + Level 14.8 Long Blades
 + Level 6.5 Throwing
 + Level 11.7 Armour
 + Level 8.8 Dodging
 + Level 1.5 Stealth
 + Level 0.4 Unarmed Combat
 + Level 0.1 Evocations


You had 11 spell levels left.
You didn't know any spells.

Dungeon Overview and Level Annotations

Branches:
Dungeon (10/15)            Temple (0/1) D:4            Lair (4/8) D:10
  Swamp: Lair:3-6    Shoals: Lair:3-6     Snake: Lair:3-6    Spider: Lair:3-6
    Orc: D:9-12

Altars:
Ashenzari
Cheibriados
Dithmenos
Elyvilon
Gozag
Hepliaklqana
Kikubaaqudgha
Makhleb
Nemelex Xobeh
Pakellas
Qazlal
Ru
Trog
Uskayaw
Vehumet
Xom
The Shining One

Annotations:
Lair:4 exclusion: 2 oklob plants


Innate Abilities, Weirdness & Mutations

You reflexively headbutt those who attack you in melee.
You have a pair of horns on your head.


Message History

You feel somewhat more hungry.
Your troll goes berserk!
You are feeling hungry.
Okay, then.
Okay, then.
You slash the oklob plant!
You headbutt the oklob plant, but do no damage.
The oklob plant is severely damaged.
The oklob plant spits acid at you. The splash of acid hits you!
* * * LOW HITPOINT WARNING * * *
The acid corrodes you!
The acid burns!
* * * LOW HITPOINT WARNING * * *
Your troll bites the oklob plant!!
Your troll claws the oklob plant!
The oklob plant is destroyed!
The oklob plant spits acid at you. The splash of acid hits you!
* * * LOW HITPOINT WARNING * * *
The acid burns!
You die...

...............##
>...............#
.....}..........#
...............#
.............$#
..≈≈≈≈≈).....# #
.≈≈≈PPT≈.....############
≈≈PP≈P(≈@......#.....#P..
≈≈≈PPPP≈≈$...............
.≈≈≈PP≈≈.................
..≈≈≈≈≈..................
................##.#.#.##
.................#######
P###P..>......÷÷##
######.###....####
###.#..†.##P###


You could see 2 oklob plants and a friendly troll (berserk).

Vanquished Creatures
  Harold (Lair:2)
  2 hydras
  Fannar (Lair:3)
  A dancing weapon (Volcano)
  A queen ant (Lair:1)
  Nergalle (D:10)
  2 hill giants (D:10)
  The ghost of Amnesiac the Arsonist, a novice DEFE of Vehumet (D:7)
  4 toenail golems (Volcano)
  An elephant (D:10)
  Psyche (D:8)
  4 spiny frogs
  A rime drake (Lair:2)
  3 komodo dragons
  The ghost of removeelyvilon the Ruffian, an amateur DrTm (D:4)
  A troll (D:9)
  Grinder (D:3)
  5 blink frogs (Lair:2)
  A two-headed ogre (D:10)
  A wyvern (Lair:2)
  4 yaks (Lair:1)
  4 hippogriffs
  A steam dragon (Lair:3)
  6 humans (Volcano)
  2 water moccasins
  20 soldier ants (Lair:1)
  3 porcupines
  A wasp (D:7)
  2 sky beasts
  2 ice beasts
  3 orc warriors
  3 phantoms
  A black bear (Lair:1)
  3 centaurs
  4 ogres
  8 crocodiles
  A big kobold (D:10)
  8 giant frogs
  A water moccasin zombie (D:9)
  5 scorpions
  6 killer bees (D:7)
  2 howler monkeys
  3 vampire bats (D:4)
  3 crimson imps
  A giant frog zombie (D:8)
  A quasit (D:9)
  2 orc priests (D:9)
  5 hounds
  2 giant frog skeletons
  An iron imp (D:6)
  Natasha (D:3)
  5 iguanas
  10 orc wizards
  29 worker ants
  Ijyb (D:3)
  A sheep (D:10)
  A hound zombie (D:7)
  A hound skeleton (D:9)
  A howler monkey skeleton (D:4)
  5 gnolls
  16 adders
  41 river rats
  3 shadow imps
  An adder skeleton (D:9)
  An adder zombie (D:5)
  2 worms (D:3)
  2 dart slugs (D:1)
  11 giant geckos
  49 orcs
  4 ball pythons
  4 bat skeletons (D:4)
  2 bat zombies (D:4)
  6 giant cockroaches
  15 goblins
  16 hobgoblins
  8 jackals
  25 kobolds
  6 quokkas
  9 bats
  A giant cockroach zombie (D:6)
  A giant gecko skeleton (D:6)
  9 giant newts
  A quokka skeleton (D:4)
  7 rats
  A bush (Lair:4)
  A fungus (D:10)
  A plant (D:6)
440 creatures vanquished.

Vanquished Creatures (collateral kills)
  An oklob plant (Lair:4)
  An orc warrior (D:7)
  An orc priest (D:7)
  An orc (D:7)
4 creatures vanquished.

Vanquished Creatures (others)
  A lightning spire (D:4)
  A bush (D:4)
  2 fungi
4 creatures vanquished.

Grand Total: 448 creatures vanquished

Notes
Turn   | Place    | Note
--------------------------------------------------------------
     0 | D:1      | Skanax the Minotaur Berserker began the quest for the Orb.
     0 | D:1      | Reached XP level 1. HP: 19/19 MP: 0/0
   108 | D:1      | Reached XP level 2. HP: 22/27 MP: 1/1
   579 | D:1      | Reached XP level 3. HP: 33/33 MP: 2/2
   675 | D:2      | Reached skill level 4 in Long Blades
   675 | D:2      | Reached ** piety under Trog
   708 | D:2      | Found a faded altar of an unknown god.
   921 | D:2      | Reached XP level 4. HP: 40/41 MP: 3/3
  1404 | D:3      | Found a hide-covered altar of Uskayaw.
  1523 | D:3      | Found a shattered altar of Ashenzari.
  1570 | D:3      | Noticed Natasha
  1577 | D:3      | Killed Natasha
  1577 | D:3      | Reached skill level 5 in Fighting
  1580 | D:3      | Reached XP level 5. HP: 48/48 MP: 4/4
  1630 | D:3      | Found a sparkling altar of Nemelex Xobeh.
  1742 | D:3      | Noticed Ijyb
  1746 | D:3      | Reached *** piety under Trog
  1748 | D:3      | Killed Ijyb
  1822 | D:3      | Noticed Grinder
  1826 | D:3      | Paralysed by Grinder for 4 turns
  1844 | D:3      | Paralysed by Grinder for 5 turns
  1857 | D:3      | Paralysed by Grinder for 2 turns
  1866 | D:3      | Killed Grinder
  1866 | D:3      | Reached skill level 5 in Long Blades
  1866 | D:3      | Reached XP level 6. HP: 20/56 MP: 5/5
  2105 | D:3      | Found a glowing golden altar of the Shining One.
  2267 | D:4      | Gained mutation: You possess an exceptional clarity of mind. [potion of mutation]
  2267 | D:4      | Gained mutation: You are somewhat resistant to further mutation. [potion of mutation]
  2267 | D:4      | Gained mutation: You are frail. (-10% HP) [potion of mutation]
  2388 | D:4      | Noticed removeelyvilon's ghost (amateur DrTm)
  2404 | D:4      | Killed removeelyvilon's ghost
  2404 | D:4      | Reached skill level 6 in Long Blades
  2404 | D:4      | Reached skill level 5 in Armour
  2404 | D:4      | Reached skill level 5 in Dodging
  2404 | D:4      | Reached XP level 7. HP: 40/55 MP: 6/6
  2644 | D:4      | Found a burning altar of Makhleb.
  2681 | D:4      | Found a glowing drain.
  2697 | Sewer    | Entered a sewer
  2914 | Sewer    | Reached **** piety under Trog
  3439 | D:4      | Found a staircase to the Ecumenical Temple.
  3500 | D:4      | Reached XP level 8. HP: 56/63 MP: 7/7
  3529 | D:4      | Found an oddly glowing altar of Pakellas.
  3530 | D:4      | Noticed an eight-headed hydra
  3583 | D:4      | Found an ancient bone altar of Kikubaaqudgha.
  3585 | D:4      | Reached skill level 7 in Long Blades
  3744 | D:5      | Entered Level 5 of the Dungeon
  3765 | D:5      | Found a shadowy altar of Dithmenos.
  4091 | D:5      | Found a white marble altar of Elyvilon.
  4330 | D:6      | Found a snail-covered altar of Cheibriados.
  4409 | D:6      | Found a sacrificial altar of Ru.
  4571 | D:6      | Lost mutation: You are frail. (-10% HP) [potion of cure mutation]
  4571 | D:6      | Lost mutation: You are somewhat resistant to further mutation. [potion of cure mutation]
  4595 | D:6      | Received a gift from Trog
  4595 | D:6      | Reached skill level 8 in Long Blades
  5053 | D:6      | Reached ***** piety under Trog
  5267 | D:7      | Noticed Amnesiac's ghost (novice DEFE)
  5285 | D:7      | Killed Amnesiac's ghost
  5285 | D:7      | Reached XP level 9. HP: 50/79 MP: 8/8
  5286 | D:7      | Reached skill level 9 in Long Blades
  5389 | D:7      | Found a stormy altar of Qazlal.
  5929 | D:7      | Reached skill level 1 in Throwing
  6045 | D:7      | Reached skill level 1 in Stealth
  6269 | D:7      | Reached skill level 10 in Long Blades
  6877 | D:8      | Found a bloodstained altar of Trog.
  6884 | D:8      | Found a shimmering altar of Xom.
  6889 | D:8      | Found a hazy altar of Hepliaklqana.
  7240 | D:8      | Found an opulent altar of Gozag.
  7584 | D:8      | Noticed Psyche
  7610 | D:8      | Killed Psyche
  7610 | D:8      | Reached XP level 10. HP: 58/91 MP: 9/9
  7932 | D:9      | Found a shadowy altar of Dithmenos.
  8043 | D:9      | Reached skill level 11 in Long Blades
  8071 | D:9      | Received a gift from Trog
  8142 | D:9      | Found a radiant altar of Vehumet.
  8729 | D:10     | Entered Level 10 of the Dungeon
  8743 | D:10     | Noticed a hill giant
  8753 | D:10     | Killed a hill giant
  8795 | D:10     | Noticed a hill giant
  8800 | D:10     | Killed a hill giant
  9061 | D:10     | Noticed Nergalle
  9065 | D:10     | Reached skill level 10 in Fighting
  9073 | D:10     | Killed Nergalle
  9073 | D:10     | Reached skill level 12 in Long Blades
  9229 | D:10     | Noticed an elephant
  9236 | D:10     | Killed an elephant
  9240 | D:10     | Received a gift from Trog
  9246 | D:10     | Found a staircase to the Lair.
  9349 | D:10     | Received a gift from Trog
  9425 | D:10     | Reached XP level 11. HP: 94/101 MP: 10/10
  9892 | Lair:1   | Entered Level 1 of the Lair of Beasts
 10292 | Lair:1   | Noticed a queen ant
 10314 | Lair:1   | Killed a queen ant
 10314 | Lair:1   | Reached skill level 13 in Long Blades
 10356 | Lair:1   | Reached skill level 10 in Armour
 10917 | Lair:1   | Reached ****** piety under Trog
 10925 | Lair:1   | Got a steaming golden ring
 10926 | Lair:1   | Identified the ring of Ilosorr {+Fly rC+ Int+3} (You found it on level 1 of the Lair of Beasts)
 11067 | Lair:1   | Gained mutation: You are somewhat resistant to further mutation. [potion of mutation]
 11067 | Lair:1   | Gained mutation: Your flesh is cold resistant. (rC+) [potion of mutation]
 11068 | Lair:1   | Lost mutation: Your flesh is cold resistant. (rC+) [potion of cure mutation]
 11068 | Lair:1   | Lost mutation: You are somewhat resistant to further mutation. [potion of cure mutation]
 11068 | Lair:1   | Lost mutation: You possess an exceptional clarity of mind. [potion of cure mutation]
 11155 | Lair:1   | Reached skill level 5 in Throwing
 11218 | Lair:2   | Noticed Harold
 11243 | Lair:2   | Killed Harold
 11391 | Lair:2   | Received a gift from Trog
 11505 | Lair:2   | Reached XP level 12. HP: 56/110 MP: 11/11
 11553 | Lair:2   | Noticed a five-headed hydra
 12013 | Lair:2   | Noticed a four-headed hydra
 12024 | Lair:2   | Killed a six-headed hydra
 12154 | Lair:3   | Reached skill level 14 in Long Blades
 12240 | Lair:3   | Received a gift from Trog
 12298 | Lair:3   | Noticed a five-headed hydra
 12305 | Lair:3   | Killed a seven-headed hydra
 12672 | Lair:3   | Noticed Fannar
 12680 | Lair:3   | Killed Fannar
 12707 | Lair:3   | Found a dark tunnel.
 12719 | Volcano  | Entered a volcano
 13467 | Lair:4   | HP: 1/113 [oklob plant/splash of acid (12)]
 13467 | Lair:4   | Splashed by an oklob plant's acid

Vault maps used:
D:1:      dpeg_arrival_prison, st_stairs_7
D:2:      ecumenical_altar_2
D:3:      old_standard_altar, lemuel_round_altar,
          nemelex_xobeh_ov_fountains_minmay, evilmike_ruin_ashenzari, uniq_iyjb,
          uniq_natasha, uniq_grinder
D:4:      kennysheep_vampire_church, makhleb_grotto_becter,
          gammafunk_pakellas_spire_experiment, temple_doors_b,
          portal_sewer_entry_b
D:5:      nicolae_overflow_hidden_temple, elyvilon_altar_5, first_bread
D:6:      corexii_shantytown, slow_altar_2, nicolae_ru_awakened_eye
D:7:      nicolae_overflow_crystal_walls
D:8:      grunt_gozag_breadcrumbs, grunt_temple_overflow_diamond, uniq_psyche
D:9:      fiery_altar_vehumet, basic_altar
D:10:     david_lair_generic, uniq_nergalle
Lair:1:   minivault_29, lemuel_fruit_tree
Lair:2:   uniq_harold
Lair:3:   nicolae_volcano_entry_s_turn, uniq_fannar
Lair:4:   dpeg_oklob_1, grunt_megastairs_1
Sewer:    sewer_frog_island_01
Volcano:  volcano_bunker

Skill      XL: |  1  2  3  4  5  6  7  8  9 10 11 12 |
---------------+-------------------------------------+-----
Fighting       | 4 5 6 7 9 10 11 12 | 12.4
Long Blades    | 4 5 6 8 10 12 13 14 | 14.8
Armour         | 3 5 6 8 9 10 11 | 11.7
Dodging        | 3 4 5 6 7 8 |  8.8
Throwing       | 1 3 5 6 |  6.5
Stealth        | 1 |  1.5
Unarmed Combat | |  0.4
Evocations     | |  0.1

Action                   |  1- 3 |  4- 6 |  7- 9 | 10-12 || total
-------------------------+-------+-------+-------+-------++-------
Melee: Falchion          |    44 |   103 |       |       ||   147
       Headbutt          |     7 |    24 |    45 |   117 ||   193
       Great sword       |       |     7 |   343 |    32 ||   382
       Unarmed           |       |       |    20 |       ||    20
       Scimitar          |       |       |       |   517 ||   517
Throw: Tomahawk          |       |       |     5 |    40 ||    45
       Javelin           |       |       |       |    81 ||    81
Invok: Berserk           |       |     2 |     2 |     2 ||     6
       Trog's Hand       |       |       |     4 |     4 ||     8
       Brothers in Arms  |       |       |     2 |     1 ||     3
       Burn Spellbooks   |       |       |     1 |     2 ||     3
Evoke: Wand              |       |       |       |     1 ||     1
  Use: Potion            |     2 |     4 |     8 |     5 ||    19
       Scroll            |     1 |       |    15 |    13 ||    29
  Eat: Chunk             |       |     6 |    11 |    10 ||    27
       Bread ration      |       |       |     2 |     1 ||     3
       Fruit             |       |       |     3 |     4 ||     7
       Meat ration       |       |       |       |     1 ||     1
Armor: Ring mail         |    18 |     2 |       |       ||    20
       Scale mail        |       |    42 |    58 |       ||   100
       Chain mail        |       |       |   123 |   240 ||   363
       Skin              |       |       |     6 |       ||     6
Dodge: Dodged            |    42 |    76 |   244 |   313 ||   675
